 Dungeon Crawl Stone Soup version 0.22-a0-580-gd5db89c (webtiles) character file.

570150 theanonym the Slayer (level 25, -1/221 HPs)
             Began as a Mummy Warper on June 30, 2018.
             Was the Champion of Ashenzari.
             Slain by an ettin
             ... wielding a +0 dire flail
              (21 damage)
             ... on level 5 of the Vaults on July 3, 2018.
             The game lasted 03:20:01 (79007 turns).

theanonym the Slayer (Mummy Warper)                Turns: 79007, Time: 03:20:02

Health: -1/221     AC: 47    Str: 34      XL:     25   Next: 61%
Magic:  30/39      EV: 15    Int: 17      God:    Ashenzari [******]
Gold:   2264       SH:  0    Dex: 10 (11) Spells: 32/49 levels left

rFire    + + .     SeeInvis +   a - +10 dark maul {crush} (curse)
rCold    + + +     Gourm    .   (shield currently unavailable)
rNeg     + + +     Faith    .   z - +15 plate armour "Bovatib" {rF+ Str+4} (curse)
rPois    ∞         Spirit   .   A - +3 crown of Dyrovepreva {rElec Int+2 SInv} (curse)
rElec    +         Reflect  .   K - +0 cloak of Hadjma {rPois rC+ Str+3} (curse)
rCorr    .         Harm     .   F - +2 pair of gloves {Str+3} (curse)
MR       +++..     Clarity  +   Q - +2 pair of boots {Fly} (curse)
Stlth    ..........             M - amulet of regeneration (curse)
HPRegen  0.86/turn              o - ring of Zeyxaxti {rF+ rC+ Stlth+} (curse)
MPRegen  0.26/turn              b - ring of protection from fire (curse)

@: about to teleport, silence, very slightly contaminated, invisible (expiring)
A: no food or potions, fire vulnerability, cold resistance 1, negative energy
resistance 3, torment resistance, unbreathing, in touch with death 1
}: 3/15 runes: decaying, serpentine, abyssal
a: Renounce Religion, Evoke Flight


Innate Abilities, Weirdness & Mutations

You do not eat or drink.
Your flesh is vulnerable to fire.
You are immune to poison.
Your flesh is cold resistant. (rC+)
You are immune to negative energy. (rN+++)
You are immune to unholy pain and torment.
You can survive without breathing.
You are in touch with the powers of death.


   Skills:
 - Level 23.0 Fighting
 - Level 3.6(15.6) Axes
 + Level 22.3(26.9) Maces & Flails
 - Level 0.7 Throwing
 - Level 15.8(21.0) Armour
 + Level 13.1 Dodging
 + Level 12.9 Spellcasting
 - Level 10.7(15.0) Hexes
 - Level 5.8(10.3) Charms
 - Level 7.0(11.5) Translocations
 - Level 0.2(1.3) Evocations


You had 32 spell levels left.
You knew the following spells:

 Your Spells              Type           Power        Failure   Level  Hunger
a - Spectral Weapon       Hex/Chrm       ######..     1%          3    N/A
b - Song of Slaying       Chrm           #####...     1%          2    N/A
c - Invisibility          Hex            ######..     7%          6    N/A
e - Lesser Beckoning      Tloc           ######....   1%          3    N/A
l - Blink                 Tloc           N/A          1%          2    N/A
q - Apportation           Tloc           ######       1%          1    N/A

Your spell library contained the following spells:

 Spells                   Type           Power        Failure   Level  Hunger
 Cause Fear               Hex            ######....   1%          4    N/A
 Magic Dart               Conj           ##..         16%         1    N/A
 Conjure Flame            Conj/Fire      ##......     43%         3    N/A
 Bolt of Cold             Conj/Ice       ##........   100%        6    N/A
 Lightning Bolt           Conj/Air       ##........   99%         5    N/A
 Bolt of Magma            Conj/Fire/Erth ##........   99%         5    N/A
 Slow                     Hex            ######..     1%          2    N/A
 Confuse                  Hex            ######..     1%          3    N/A
 Throw Frost              Conj/Ice       ##....       24%         2    N/A
 Mephitic Cloud           Conj/Pois/Air  ##......     43%         3    N/A
 Venom Bolt               Conj/Pois      ##........   99%         5    N/A
 Teleport Other           Tloc           ######..     1%          3    N/A
 Summon Small Mammal      Summ           ##..         16%         1    N/A
 Animate Dead             Necr           N/A          83%         4    N/A
 Pain                     Necr           ###.         16%         1    N/A
 Animate Skeleton         Necr           N/A          16%         1    N/A
 Vampiric Draining        Necr           ###.......   43%         3    N/A
 Freeze                   Ice            ##..         16%         1    N/A
 Ozocubu's Refrigeration  Ice            ##........   100%        6    N/A
 Summon Ice Beast         Ice/Summ       ##......     83%         4    N/A
 Ozocubu's Armour         Chrm/Ice       ####....     6%          3    N/A
 Call Imp                 Summ           ##......     24%         2    N/A
 Regeneration             Chrm/Necr      #####.....   6%          3    N/A
 Tukima's Dance           Hex            ######..     1%          3    N/A
 Iron Shot                Conj/Erth      ##........   100%        6    N/A
 Stone Arrow              Conj/Erth      ##....       43%         3    N/A
 Shock                    Conj/Air       ##..         16%         1    N/A
 Statue Form              Tmut/Erth      ##.......    100%        6    N/A
 Ice Form                 Ice/Tmut       ##......     83%         4    N/A
 Deflect Missiles         Chrm/Air       ####......   97%         6    N/A
 Throw Icicle             Conj/Ice       ##......     83%         4    N/A
 Passwall                 Tmut/Erth      ##......     24%         2    N/A
 Ignite Poison            Fire/Tmut/Pois ##......     43%         3    N/A
 Call Canine Familiar     Summ           ##......     43%         3    N/A
 Ensorcelled Hibernation  Hex/Ice        #####.       1%          2    N/A
 Summon Butterflies       Summ           ##......     16%         1    N/A
 Silence                  Hex/Air        #####.....   24%         5    N/A
 Shatter                  Erth           ##........   100%        9    N/A
 Dispersal                Tloc           ######....   28%         6    N/A
 Static Discharge         Conj/Air       ##......     43%         3    N/A
 Corona                   Hex            ######.      1%          1    N/A
 Alistair's Intoxication  Tmut/Pois      ##......     99%         5    N/A
 Lee's Rapid Deconstruct  Erth           ##........   99%         5    N/A
 Sandblast                Erth           ##....       16%         1    N/A
 Portal Projectile        Hex/Tloc       ######       1%          3    N/A
 Petrify                  Tmut/Erth      ##......     83%         4    N/A
 Passage of Golubria      Tloc           N/A          1%          4    N/A
 Orb of Destruction       Conj           ##........   100%        7    N/A
 Tornado                  Air            ##........   100%        9    N/A
 Leda's Liquefaction      Hex/Erth       #####.....   9%          4    N/A
 Summon Hydra             Summ           ##........   100%        7    N/A
 Shroud of Golubria       Chrm/Tloc      #####.....   1%          2    N/A
 Inner Flame              Hex/Fire       #####...     2%          3    N/A
 Beastly Appendage        Tmut           ##....       16%         1    N/A
 Iskenderun's Battlesphe  Conj/Chrm      ####....     52%         5    N/A
 Dazzling Spray           Conj/Hex       #####.       2%          3    N/A
 Infusion                 Chrm           ####         1%          1    N/A
 Discord                  Hex            ######....   96%         8    N/A
 Summon Lightning Spire   Summ/Air       ##......     83%         4    N/A
 Summon Guardian Golem    Hex/Summ       #####...     2%          3    N/A
 Spellforged Servitor     Conj/Summ      ##........   100%        7    N/A
 Summon Mana Viper        Hex/Summ       #####...     24%         5    N/A
 Gell's Gravitas          Tloc           ######....   1%          3    N/A
 Yara's Violent Unravell  Hex/Tmut       #####.....   24%         5    N/A
 Poisonous Vapours        Pois/Air       ##....       24%         2    N/A
 Ignition                 Fire           ##........   100%        8    N/A

Skill      XL: |  1  2  3  4  5  6  7  8  9 10 11 12 13 14 15 16 17 18 19 20 21 22 23 24 25 |
---------------+----------------------------------------------------------------------------+-----
Axes           | 2 3 4 5 6 8 9 6 3 |  3.6
Fighting       | 3 4 5 7 8 10 11 12 13 15 16 17 18 19 20 21 22 23 | 23.0
Maces & Flails | 4 7 9 10 11 13 14 15 16 18 19 20 21 22 | 22.3
Armour         | 3 6 8 10 11 12 13 14 15 | 15.8
Dodging        | 2 3 5 6 9 11 12 13 | 13.1
Spellcasting   | 4 6 8 10 11 12 | 12.9
Charms         | 2 3 5 |  5.8
Hexes          | 2 4 8 10 | 10.7
Translocations | 3 5 6 7 |  7.0
Throwing       | |  0.7
Evocations     | |  0.2

Action                   |  1- 3 |  4- 6 |  7- 9 | 10-12 | 13-15 | 16-18 | 19-21 | 22-24 | 25-27 || total
-------------------------+-------+-------+-------+-------+-------+-------+-------+-------+-------++-------
Melee: Hand axe          |   147 |   264 |       |       |       |       |       |       |       ||   411
       War axe           |       |    79 |   241 |       |       |       |       |       |       ||   320
       Maul              |       |       |    94 |   284 |   683 |   753 |   960 |   722 |   231 ||  3727
Throw: Tomahawk          |       |     5 |       |       |       |       |       |       |       ||     5
       Throwing net      |       |       |       |       |       |     4 |       |       |       ||     4
 Cast: Spectral Weapon   |       |       |       |       |       |     9 |    11 |    16 |    10 ||    46
       Blink             |       |       |       |       |       |     2 |    10 |     3 |     1 ||    16
       Apportation       |       |       |       |       |       |     1 |       |       |     4 ||     5
       Song of Slaying   |       |       |       |       |       |       |    21 |    22 |     2 ||    45
       Lesser Beckoning  |       |       |       |       |       |       |     3 |    35 |     9 ||    47
       Invisibility      |       |       |       |       |       |       |       |     1 |     2 ||     3
Invok: Curse Item        |       |     2 |     2 |     1 |     3 |       |     4 |     3 |       ||    15
       Transfer Knowledg |       |       |       |       |       |       |     2 |       |       ||     2
 Abil: Stop Flying       |       |       |       |       |       |       |       |       |     1 ||     1
Evoke: Wand              |       |       |     7 |    26 |    19 |    10 |     2 |     4 |     2 ||    70
       Phial of floods   |       |       |       |       |     1 |     2 |       |     2 |       ||     5
       Lamp of fire      |       |       |       |       |       |     2 |     1 |     1 |       ||     4
       Fan of gales      |       |       |       |       |       |     1 |       |       |       ||     1
  Use: Scroll            |       |     6 |     6 |    11 |     7 |    18 |    14 |    10 |    14 ||    86
 Stab: Confused          |       |       |     3 |     1 |       |     2 |       |       |       ||     6
       Invisible         |       |       |     1 |       |       |       |       |     1 |       ||     2
       Paralysed         |       |       |       |     5 |     2 |       |       |       |       ||     7
       Distracted        |       |       |       |       |       |       |       |     3 |       ||     3
Armor: Leather armour    |    48 |     6 |       |       |       |       |       |       |       ||    54
       Ring mail         |       |   146 |   106 |       |       |       |       |       |       ||   252
       Plate armour      |       |       |   136 |   366 |   941 |  1360 |  1757 |   889 |   402 ||  5851
       Chain mail        |       |       |       |    14 |       |       |       |       |       ||    14
Dodge: Dodged            |    99 |   209 |   143 |   158 |   626 |   693 |   982 |   662 |   332 ||  3904

Inventory:

Hand Weapons
 a - the cursed +10 dark maul (weapon) {crush}
   (You took it off a centaur on level 7 of the Dungeon)

   It inflicts extra damage upon your enemies.
   It has a curse placed upon it.
 q - the +6 arbalest "Damnation" {damnation}
   (You found it on level 2 of the Depths)
 s - the cursed +13 scythe of Curses {drain, *Curse}
   (You found it on level 3 of the Crypt)

   A truly terrible weapon, it drains the life of those it strikes.
   It curses itself when equipped.
   It has a curse placed upon it.
 w - the +8 frozen axe "Frostbite" {freezing cloud, *Noise +Fly rC+}
   (You took it off a deep elf knight on level 3 of the Elven Halls)

   It has been specially enchanted to freeze those struck by it, causing extra
   injury to most foes and up to half again as much damage against particularly
   susceptible opponents.
   It can also slow down cold-blooded creatures.
   It protects you from cold.
   It lets you fly.
   It may make noises in combat.
Armour
 c - a scarf of spirit shield
   (You found it on level 3 of the Snake Pit)
 h - a scarf of cloud immunity
   (You bought it in a shop on level 3 of the Vaults)
 j - +6 gold dragon scales
   (You found it on level 4 of the Depths)
 z - the cursed +15 plate armour "Bovatib" (worn) {rF+ Str+4}
   (You bought it in a shop in a bazaar)

   It affects your strength (+4).
   It protects you from fire.
   It has a curse placed upon it.
 A - the cursed +3 crown of Dyrovepreva (worn) {rElec Int+2 SInv}
   (You found it on level 1 of the Vaults)

   It affects your intelligence (+2).
   It insulates you from electricity.
   It lets you see invisible.
   It has a curse placed upon it.
 F - a cursed +2 pair of gloves of strength (worn)
   (You found it on level 6 of the Lair of Beasts)
 K - the cursed +0 cloak of Hadjma (worn) {rPois rC+ Str+3}
   (You found it in a wizard's laboratory)

   It affects your strength (+3).
   It protects you from cold.
   It protects you from poison.
   It has a curse placed upon it.
 Q - a cursed +2 pair of boots of flying (worn)
   (You found it on level 1 of the Crypt)
Jewellery
 b - a cursed ring of protection from fire (right hand)
   (You bought it in a shop on level 2 of the Orcish Mines)
 e - an uncursed amulet of magic regeneration
   (You found it on level 4 of the Depths)
 l - the cursed amulet of Feuziav {RegenMP rF+}
   (You acquired it on level 4 of the Snake Pit)

   [amulet of magic regeneration]

   It increases your magic regeneration.
   It protects you from fire.
   It has a curse placed upon it.
 o - the cursed ring of Zeyxaxti (left hand) {rF+ rC+ Stlth+}
   (You bought it in a shop in a bazaar)

   [ring of stealth]

   It protects you from fire.
   It protects you from cold.
   It makes you more stealthy.
   It has a curse placed upon it.
 p - an uncursed amulet of guardian spirit
   (You found it on level 13 of the Dungeon)
 J - the ring of Fyssulopp {rC+ rN+ Int+4}
   (You found it on level 3 of the Crypt)

   [ring of positive energy]

   It affects your intelligence (+4).
   It protects you from cold.
   It protects you from negative energy.
 M - a cursed amulet of regeneration (around neck)
   (You bought it in a shop on level 2 of the Depths)
 N - an uncursed ring of flight
   (You found it on level 2 of the Dungeon)
 U - the cursed ring of Fragile Peace {rCorr Str+2}
   (You acquired it on level 1 of the Depths)

   [ring of resist corrosion]

   It affects your strength (+2).
   It has a curse placed upon it.
Wands
 d - a wand of digging (21)
   (You found it on level 3 of the Lair of Beasts)
 v - a wand of acid (51)
   (You found it on level 1 of the Lair of Beasts)
 D - a wand of iceblast (14)
   (You found it on level 4 of the Swamp)
Scrolls
 f - 7 scrolls of fog
 g - 9 scrolls of immolation
 i - 2 scrolls of fear
 k - 13 scrolls of enchant weapon
 m - 17 scrolls of amnesia
 n - 4 scrolls of remove curse
 r - 29 scrolls of identify
 t - a scroll of teleportation {!r}
 y - 2 scrolls of magic mapping
 B - 2 scrolls of blinking
 C - a scroll of enchant armour
 E - 3 scrolls of brand weapon
 W - 2 scrolls of silence
Miscellaneous
 u - a fan of gales
   (You found it on level 4 of the Swamp)
 G - 2 boxes of beasts
 H - a phial of floods
   (You found it on level 6 of the Lair of Beasts)
 I - a lightning rod (4/4)
   (You found it on level 6 of the Lair of Beasts)
 L - 3 phantom mirrors
 O - a lamp of fire
   (You found it on level 3 of the Swamp)


You were on level 5 of the Vaults.
You worshipped Ashenzari.
Ashenzari was exalted by your worship.
You were not hungry.

You visited 10 branches of the dungeon, and saw 48 of its levels.
You visited the Abyss 1 time.
You visited 1 bazaar.
You also visited: Ossuary, Volcano and Wizlab.

You collected 7539 gold pieces.
You spent 5275 gold pieces at shops.

Dungeon Overview and Level Annotations

Branches:
Dungeon (15/15)            Temple (1/1) D:4            Lair (6/6) D:10
  Swamp (4/4) Lair:2        Snake (4/4) Lair:3        Slime (0/5) Lair:6
    Orc (2/2) D:12            Elf (3/3) Orc:2        Vaults (5/5) D:14
  Crypt (3/3) Vaults:2       Tomb (0/3) Crypt:3      Depths (5/5) D:15
    Zot (0/5) Depths:5

Altars:
Ashenzari
Cheibriados
Dithmenos
Elyvilon
Fedhas
Gozag
Hepliaklqana
Kikubaaqudgha
Makhleb
Nemelex Xobeh
Okawaru
Qazlal
Ru
Sif Muna
Trog
Uskayaw
Vehumet
Wu Jian
Xom
Yredelemnul
Zin
The Shining One
Beogh
Jiyva

Shops:
D:5 ?   D:10 :   D:12 !   D:14 !   Orc:2 =[(*   Snake:2 (   Vaults:2 *!}
Vaults:3 *   Depths:2 =

Portals:
Hell: Depths:1 Depths:2 Depths:3 Depths:4 Depths:5
Abyss: Depths:4
Pandemonium: Depths:2 Depths:3
Ziggurat: Depths:1
Trove: Vaults:1 (give 18 scrolls of teleportation)

*********##########
,,,,,,,,,.........#
,,,,,,,,,.........#
*********#####....#
,,,,,,,,,......C..#
,,,,,,,,,....{.#@.#
*******,,#..#..#)(#
,,*,,,*,,#.,#.,#..#
,,*,,,*,,#∆,#.,#..#
,,*,,*******#,,#..#
,,*,,,,,,*∆,,,,#..#
,,*,,,,,,*∆,,,,#..#
,,*,,**,,****,,#..#
,,*,,**,,****,,#..#


You could see an ettin and an antimagic short sword.

Notes
Turn   | Place    | Note
-------+----------+-------------------------------------------
     0 | D:1      | theanonym the Mummy Warper began the quest for the Orb.
     0 | D:1      | Reached XP level 1. HP: 16/16 MP: 4/4
   145 | D:1      | HP: 2/16 [gnoll/spear (10)]
   147 | D:1      | Reached skill level 2 in Axes
   147 | D:1      | Reached XP level 2. HP: 3/22 MP: 5/5
   677 | D:1      | Reached XP level 3. HP: 28/28 MP: 7/7
  1459 | D:2      | HP: 13/28 [hobgoblin/club (4)]
  1657 | D:2      | Reached skill level 3 in Axes
  1890 | D:2      | Reached XP level 4. HP: 26/34 MP: 8/8
  1957 | D:2      | Noticed an angel
  1959 | D:2      | Found a glowing silver altar of Zin.
  1959 | D:2      | Found a shimmering altar of Xom.
  1971 | D:2      | Reached skill level 3 in Fighting
  1974 | D:2      | HP: 10/35 [worm (9)]
  2055 | D:2      | HP: 17/35 [quokka (2)]
  2701 | D:2      | You fall through a shaft!
  2713 | D:3      | HP: 13/35 [worm (5)]
  2987 | D:3      | Found a shadowy altar of Dithmenos.
  3001 | D:3      | HP: 17/35 [orc wizard/dagger (4)]
  3012 | D:3      | HP: 11/35 [something (1)]
  3018 | D:3      | HP: 6/35 [something (1)]
  3053 | D:3      | HP: 5/35 [hobgoblin/club (2)]
  3063 | D:2      | HP: 2/35 [hobgoblin/club (3)]
  3420 | D:2      | Found an ornate altar of the Wu Jian Council.
  3428 | D:2      | Reached XP level 5. HP: 41/41 MP: 9/9
  3909 | D:2      | Reached skill level 4 in Axes
  3990 | D:3      | HP: 19/41 [orc priest/divine providence (13)]
  4980 | D:3      | Found a runed door.
  5000 | D:4      | Found a staircase to the Ecumenical Temple.
  5173 | D:3      | Reached XP level 6. HP: 41/48 MP: 10/10
  5187 | D:3      | Reached skill level 4 in Fighting
  5558 | D:4      | Reached skill level 5 in Axes
  5559 | D:4      | Found an ancient bone altar of Kikubaaqudgha.
  5603 | Temple   | Entered the Ecumenical Temple
  5712 | Temple   | Became a worshipper of Ashenzari the Shackled
  5844 | D:4      | Found a burning altar of Makhleb.
  5845 | D:4      | Found a radiant altar of Vehumet.
  6049 | D:4      | Reached XP level 7. HP: 49/55 MP: 11/11
  6462 | D:3      | Noticed Crazy Yiuf
  6469 | D:3      | Paralysed by Crazy Yiuf for 7 turns
  6472 | D:3      | HP: 26/55 [Crazy Yiuf/quarterstaff of chaos (2)]
  6477 | D:3      | HP: 13/55 [Crazy Yiuf/quarterstaff of chaos (8)]
  6731 | D:5      | Entered Level 5 of the Dungeon
  6743 | D:5      | Learned a level 2 spell: Blink
  6747 | D:5      | Learned a level 3 spell: Lesser Beckoning
  7004 | D:5      | Reached skill level 5 in Fighting
  7011 | D:5      | HP: 25/56 [orc wizard/magic dart (6)]
  7025 | D:5      | HP: 22/56 [orc wizard/magic dart (5)]
  7027 | D:5      | Reached skill level 6 in Axes
  7414 | D:5      | Found Loll's Magic Scroll Boutique.
  7420 | D:5      | Bought a scroll of remove curse for 33 gold pieces
  7420 | D:5      | Bought a scroll of fog for 22 gold pieces
  7420 | D:5      | Bought a scroll of remove curse for 33 gold pieces
  7420 | D:5      | Bought a scroll of magic mapping for 38 gold pieces
  7420 | D:5      | Bought a scroll of identify for 22 gold pieces
  7871 | D:6      | Found a sparkling altar of Nemelex Xobeh.
  7954 | D:6      | Reached XP level 8. HP: 64/64 MP: 12/12
  8075 | D:6      | Found a hazy altar of Hepliaklqana.
  8087 | D:6      | Found a glowing golden altar of the Shining One.
  8093 | D:6      | Reached * piety under Ashenzari
  8241 | D:6      | Noticed a two-headed ogre
  8254 | D:6      | Killed a two-headed ogre
  8254 | D:6      | Reached skill level 6 in Fighting
  8254 | D:6      | Reached skill level 8 in Axes
  8266 | D:6      | HP: 31/65 [something/magic dart (7)]
  8273 | D:6      | HP: 30/65 [something (2)]
  8661 | D:6      | HP: 31/65 [orc warrior/long sword (9)]
  8670 | D:6      | HP: 22/65 [orc warrior/long sword (7)]
  8673 | D:6      | Reached skill level 7 in Fighting
  8673 | D:6      | Reached XP level 9. HP: 25/72 MP: 13/13
  8702 | D:6      | HP: 30/72 [adder zombie (1)]
  9144 | D:3      | Killed Crazy Yiuf
  9342 | D:7      | Noticed a cyclops
  9367 | D:7      | HP: 27/72 [centaur/the +10 dark maul {crush} (14)]
  9720 | D:7      | Found a blossoming altar of Fedhas.
  9991 | D:7      | Reached skill level 9 in Axes
 10275 | D:8      | Reached skill level 1 in Maces & Flails
 10299 | D:8      | Found a sand-covered staircase.
 10316 | Ossuary  | Entered an ossuary
 10440 | Ossuary  | Reached skill level 2 in Maces & Flails
 10442 | Ossuary  | Reached skill level 8 in Fighting
 10623 | D:8      | Reached ** piety under Ashenzari
 10765 | D:8      | Reached skill level 3 in Maces & Flails
 11446 | D:9      | Identified the +7 quarterstaff of the End {elec, rC+ Dex+3}
 11507 | D:9      | Found a hide-covered altar of Uskayaw.
 11507 | D:9      | Found an iron altar of Okawaru.
 11568 | D:9      | Reached skill level 4 in Maces & Flails
 11601 | D:9      | Reached XP level 10. HP: 82/82 MP: 14/14
 11629 | D:9      | Reached *** piety under Ashenzari
 11667 | D:9      | HP: 41/82 [killer bee (5)]
 11670 | D:9      | HP: 20/82 [killer bee (7)]
 11999 | D:9      | Found a bloodstained altar of Trog.
 12044 | D:9      | Reached skill level 5 in Maces & Flails
 12206 | D:9      | Reached skill level 9 in Fighting
 12226 | D:9      | Noticed a two-headed ogre
 12229 | D:9      | Killed a two-headed ogre
 12454 | D:10     | Entered Level 10 of the Dungeon
 12467 | D:10     | Reached skill level 6 in Maces & Flails
 12667 | D:10     | Found a staircase to the Lair.
 12722 | D:10     | HP: 40/83 [hell hound/blast of flame (14)]
 13019 | D:10     | Found a roughly hewn altar of Beogh.
 13170 | D:10     | Found Nuinn's Book Shoppe.
 13268 | D:10     | DsMo: ты почти неубиваем
 13273 | D:10     | Reached skill level 7 in Maces & Flails
 13368 | D:10     | Noticed a two-headed ogre
 13370 | D:10     | Killed a two-headed ogre
 13370 | D:10     | Reached skill level 10 in Fighting
 13371 | D:10     | theanonym: Вужиана бы взять
 13371 | D:10     | theanonym: Ашензари только скинуть нельзя
 13770 | D:11     | Reached XP level 11. HP: 90/90 MP: 15/15
 13774 | D:11     | HP: 43/90 [yak (3)]
 13793 | D:11     | HP: 30/90 [yak (8)]
 14034 | D:11     | Noticed a red ugly thing
 14040 | D:11     | Killed a red ugly thing
 14088 | D:11     | Reached skill level 8 in Maces & Flails
 14114 | D:11     | DsMo: то есть ву минделей не нужен?
 14127 | D:11     | theanonym: Что?
 14127 | D:11     | theanonym: А не знаю
 14127 | D:11     | theanonym: Я сколько играл первый раз этот молот нашёл
 14147 | D:11     | Reached **** piety under Ashenzari
 14159 | D:11     | HP: 44/92 [centaur warrior zombie (4)]
 14163 | D:11     | DsMo: у него урон хорош, но скорость маленкая
 14480 | Lair:1   | Entered Level 1 of the Lair of Beasts
 14937 | Lair:1   | Reached skill level 1 in Armour
 14953 | Lair:1   | Reached skill level 2 in Dodging
 15159 | Lair:1   | Learned a level 3 spell: Spectral Weapon
 15258 | Lair:2   | Found a dark tunnel.
 15264 | Volcano  | Entered a volcano
 15280 | Volcano  | Noticed an ogre mage
 15285 | Volcano  | Killed an ogre mage
 15285 | Volcano  | Reached skill level 2 in Armour
 15323 | Volcano  | Found a bloodstained altar of Trog.
 15324 | Volcano  | Noticed a two-headed ogre
 15326 | Volcano  | Killed a two-headed ogre
 15326 | Volcano  | Reached skill level 11 in Fighting
 15326 | Volcano  | Reached skill level 9 in Maces & Flails
 15327 | Volcano  | Noticed a two-headed ogre
 15327 | Volcano  | Noticed a two-headed ogre
 15335 | Volcano  | HP: 25/93 [two-headed ogre/giant club of flaming (26)]
 15336 | Volcano  | HP: 7/93 [two-headed ogre/giant club of flaming (10)]
 15340 | Volcano  | Killed a two-headed ogre
 15343 | Volcano  | Noticed a hell knight
 15498 | Volcano  | Killed a hell knight
 15498 | Volcano  | Reached skill level 3 in Armour
 15694 | Volcano  | Noticed a two-headed ogre
 15699 | Volcano  | Killed a two-headed ogre
 15824 | Volcano  | Noticed a two-headed ogre
 15824 | Volcano  | Noticed a two-headed ogre
 15830 | Volcano  | Killed a two-headed ogre
 15967 | Lair:2   | Reached XP level 12. HP: 88/100 MP: 16/16
 16041 | Lair:2   | Reached skill level 4 in Armour
 16279 | Lair:2   | Reached ***** piety under Ashenzari
 16411 | Lair:2   | Found a staircase to the Swamp.
 16965 | Lair:3   | Noticed Urug
 16977 | Lair:3   | HP: 41/102 [Urug/vampiric eveningstar (14)]
 16979 | Lair:3   | Killed Urug
 16979 | Lair:3   | Reached skill level 10 in Maces & Flails
 17221 | Lair:3   | Reached skill level 5 in Armour
 17227 | Lair:3   | Reached skill level 12 in Fighting
 17650 | Lair:3   | Found a staircase to the Snake Pit.
 18013 | Lair:4   | Noticed a six-headed hydra
 18017 | Lair:4   | Killed a six-headed hydra
 18245 | Lair:4   | Reached ****** piety under Ashenzari
 18526 | Lair:4   | Reached skill level 6 in Armour
 18808 | Lair:4   | Noticed Sonja
 18820 | Lair:4   | Killed Sonja
 18993 | Lair:5   | HP: 46/103 [komodo dragon (17)]
 18996 | Lair:5   | HP: 14/103 [komodo dragon (10)]
 19358 | Lair:5   | Gained mutation: You are in touch with the powers of death. [Mummy growth]
 19358 | Lair:5   | Reached XP level 13. HP: 65/109 MP: 17/17
 19425 | Lair:5   | HP: 52/109 [black mamba (3)]
 19817 | Lair:5   | Noticed Xeddua's ghost (journeyman MiBe)
 19848 | Lair:5   | Found a transporter.
 19852 | Lair:5   | Found a transporter.
 19899 | Lair:5   | Reached skill level 13 in Fighting
 20094 | Lair:5   | Reached skill level 11 in Maces & Flails
 20104 | Lair:5   | Reached skill level 7 in Armour
 20143 | Lair:5   | Noticed a dire elephant
 20148 | Lair:5   | Killed a dire elephant
 20381 | Lair:6   | Entered Level 6 of the Lair of Beasts
 21166 | Lair:5   | HP: 55/111 [spiny frog (9)]
 21784 | Lair:5   | Reached skill level 8 in Armour
 23573 | D:12     | Found a staircase to the Orcish Mines.
 23614 | Orc:1    | Entered Level 1 of the Orcish Mines
 23698 | Orc:1    | Found a runed gate.
 23698 | Orc:1    | Found a runed gate.
 23699 | Orc:1    | Found a runed gate.
 23733 | Orc:1    | Noticed Orghapte's ghost (journeyman NaWz)
 23770 | Orc:2    | Entered Level 2 of the Orcish Mines
 24013 | Orc:2    | Paralysed by an orc sorcerer for 3 turns
 24019 | Orc:1    | HP: 56/112 [orc warrior/war axe (8)]
 24243 | Orc:1    | Paralysed by an orc sorcerer for 5 turns
 24248 | Orc:1    | Reached XP level 14. HP: 89/119 MP: 18/18
 24375 | Orc:2    | Found a staircase to the Elven Halls.
 24507 | Orc:2    | Reached skill level 14 in Fighting
 24648 | Orc:2    | Found Ahemett's Antique Weapon Shop.
 25017 | Orc:2    | Noticed an orc warlord
 25030 | Orc:2    | Killed an orc warlord
 25030 | Orc:2    | Reached skill level 12 in Maces & Flails
 25143 | Orc:2    | Noticed Saint Roka
 25348 | Lair:5   | HP: 56/120 [black mamba (9)]
 25352 | Lair:5   | HP: 27/120 [Xeddua's ghost (2)]
 25356 | Lair:5   | Killed Xeddua's ghost
 25356 | Lair:5   | HP: 11/120 [porcupine (9)]
 25720 | Lair:5   | Reached skill level 9 in Armour
 26196 | Lair:6   | DsMo: !lg defe mugl
 26197 | Lair:6   | beem: 1. DEFE the Conqueror (L27 MuGl of Gozag), quit the game on Abyss:5 on 2016-12-08 12:56:25, with 1450653 points after 122271 turns and 6:37:10.
 26206 | Lair:6   | DsMo: !lg defe mugl - log
 26238 | Lair:6   | beem: No keyword '-'
 26240 | Lair:6   | DsMo: !lg defe mugl -log
 26242 | Lair:6   | beem: 1. DEFE, XL27 MuGl, T:122271: https://crawl.xtahua.com/crawl/morgue/DEFE/morgue-DEFE-20161208-125625.txt
 26764 | Lair:6   | Found a staircase to the Slime Pits.
 27410 | Orc:1    | Killed Orghapte's ghost
 27804 | D:12     | Found Kabic's Distillery.
 27838 | D:12     | Noticed a frost giant
 27841 | D:12     | Killed a frost giant
 27908 | D:10     | Bought a manual of Maces & Flails for 1656 gold pieces
 28452 | D:12     | Reached skill level 15 in Fighting
 28674 | D:13     | Reached skill level 10 in Armour
 29069 | D:13     | Reached skill level 13 in Maces & Flails
 29308 | D:14     | Found a gate to the Vaults.
 29316 | D:13     | Reached XP level 15. HP: 117/129 MP: 19/19
 29500 | D:14     | Found Tisogoak's Distillery.
 29500 | D:14     | Noticed Snorg
 29506 | D:14     | Killed Snorg
 30019 | D:14     | HP: 59/129 [rakshasa/orb of energy (18)]
 30948 | D:15     | Entered Level 15 of the Dungeon
 31115 | D:15     | Learned a level 1 spell: Apportation
 31295 | D:15     | Reached skill level 14 in Maces & Flails
 31370 | D:15     | Found a staircase to the Depths.
 31826 | D:15     | Found a basalt altar of Yredelemnul.
 31873 | D:15     | Reached skill level 3 in Spellcasting
 32007 | D:13     | Reached skill level 1 in Charms
 32111 | D:12     | Reached skill level 1 in Hexes
 32430 | D:13     | Noticed a sphinx
 32432 | D:13     | Noticed a tengu reaver
 32432 | D:13     | Noticed an iron dragon
 32433 | D:13     | Identified the amulet "Yskugiolet" {Faith *Drain rN+ Str+3 Int+3}
 32433 | D:13     | Got the uncursed pair of boots "Mucvuh" {rN+}
 32437 | D:13     | Identified the Compendium of Frigorific Toxins
 32448 | D:13     | Identified the +1 pair of boots "Mucvuh" {rN+} (You found it on level 13 of the Dungeon)
 32739 | Swamp:1  | Entered Level 1 of the Swamp
 32836 | Lair:2   | HP: 65/130 [spriggan rider/spear (12)]
 33044 | Swamp:1  | Reached skill level 3 in Translocations
 33074 | Swamp:1  | Reached skill level 11 in Armour
 33087 | Swamp:1  | HP: 58/130 [tyrant leech (15)]
 33467 | Swamp:1  | Reached skill level 4 in Spellcasting
 33468 | Swamp:1  | Reached skill level 2 in Hexes
 33468 | Swamp:1  | HP: 61/130 [hornet[a shambling mangrove] (11)]
 33847 | Swamp:1  | Reached skill level 2 in Charms
 33848 | Swamp:1  | Got the uncursed plate armour "Boloimmi" {MR++}
 33859 | Swamp:1  | Identified the +0 plate armour "Boloimmi" {MR++} (You found it on level 1 of the Swamp)
 33995 | Swamp:1  | Identified Loptearo's Volume of Displacement and the Glacier
 34250 | Swamp:1  | Identified the cursed +0 scale mail of Duty {rElec Int+6} (You found it on level 3 of the Lair of Beasts)
 34415 | Swamp:2  | Reached skill level 3 in Dodging
 34433 | Swamp:2  | theanonym: !lg . /win
 34433 | Swamp:2  | beem: 92/775 games for theanonym: N=92/775 (11.87%)
 34433 | Swamp:2  | theanonym: !lg . race!=mu /win
 34433 | Swamp:2  | beem: 75/588 games for theanonym (race!=mu): N=75/588 (12.76%)
 34433 | Swamp:2  | theanonym: !lg . /race
 34433 | Swamp:2  | beem: 775/775 games for theanonym: N=775/775 (100.00%)
 34433 | Swamp:2  | theanonym: !lg . /crace
 34433 | Swamp:2  | beem: 775/775 games for theanonym: N=775/775 (100.00%)
 34433 | Swamp:2  | theanonym: !lg . s=race -count
 34433 | Swamp:2  | beem: 775 games for theanonym: theanonym L${xl} ${char} (${src}), theanonym L${xl} ${char} (${src}), theanonym L${xl} ${char} (${src}), theanonym L${xl} ${char} (${src}), theanonym L${xl} ${char} (${src}), theanonym L${xl} ${char} (${src}), theanonym L${xl} ${char} (${src}), theanonym L${xl} ${char} (${src}), theanonym L${xl} ${char} (${src}), theanonym L${xl} ${char} (${src}), theanonym L${xl} ${char}...
 34433 | Swamp:2  | theanonym: !lg . s=race
 34433 | Swamp:2  | beem: 775 games for theanonym: 187x Mummy, 92x Demonspawn, 56x Gargoyle, 51x Hill Orc, 48x Minotaur, 39x Formicid, 32x Spriggan, 27x Ogre, 24x Ghoul, 24x Demigod, 19x Deep Elf, 19x Tengu, 18x Octopode, 17x Human, 14x Vine Stalker, 14x Merfolk, 13x Felid, 10x Barachi, 9x Centaur, 9x Deep Dwarf, 8x Gnoll, 8x Troll, 6x Draconian, 6x Naga, 5x Black Draconian, 4x Purple Draconian, 4x Kobold, 3x Vampire, 2x ...
 34711 | Swamp:2  | Reached XP level 16. HP: 133/138 MP: 22/22
 35781 | Swamp:3  | Reached skill level 5 in Spellcasting
 35964 | Swamp:3  | Reached skill level 3 in Hexes
 36008 | Swamp:3  | Reached skill level 16 in Fighting
 36133 | Swamp:3  | Noticed a thorn hunter
 36134 | Swamp:3  | Noticed Bai Suzhen
 36393 | Swamp:3  | Reached skill level 3 in Charms
 36528 | Swamp:3  | Killed Bai Suzhen
 36528 | Swamp:3  | HP: 69/138 [thorn hunter (7)]
 36531 | Swamp:3  | Killed a thorn hunter
 36531 | Swamp:3  | Reached skill level 4 in Dodging
 36889 | Swamp:4  | Entered Level 4 of the Swamp
 37050 | Swamp:4  | Noticed a thorn hunter
 37306 | Swamp:4  | Noticed Louise
 37509 | Swamp:3  | Killed Louise
 37718 | Swamp:3  | HP: 66/138 [thorn hunter (11)]
 37718 | Swamp:3  | HP: 27/138 [thorn hunter/volley of thorns (38)]
 37719 | Swamp:3  | Killed a thorn hunter
 37719 | Swamp:3  | Reached skill level 15 in Maces & Flails
 38514 | Swamp:3  | Reached skill level 5 in Dodging
 38982 | Swamp:4  | Identified the cursed +1 robe of the Sky {rPois rF+ rC+ SInv}
 39095 | Swamp:4  | Got a decaying rune of Zot
 39198 | Swamp:4  | Found a runed door.
 39198 | Swamp:4  | Found a shimmering altar of Xom.
 39198 | Swamp:4  | Noticed Turgon's ghost (journeyman DsTm)
 39199 | Swamp:4  | Identified the +10 trident of Naodwoes {pierce, *Rage Str+4 Dex+5}
 39206 | Swamp:4  | Killed Turgon's ghost
 39808 | Orc:1    | HP: 63/139 [Saint Roka/bardiche (8)]
 39810 | Orc:1    | HP: 30/139 [Saint Roka/divine providence (11)]
 39810 | Orc:1    | HP: 9/139 [Saint Roka/bardiche (21)]
 39811 | Orc:1    | Killed Saint Roka
 40257 | Orc:2    | Reached skill level 4 in Hexes
 40376 | Orc:2    | Found Vettit's General Store.
 40384 | Orc:2    | Bought a scroll of magic mapping for 56 gold pieces
 40384 | Orc:2    | Bought a scroll of teleportation for 48 gold pieces
 40493 | Orc:2    | Found Raluby's Antique Armour Shop.
 40507 | Orc:2    | Found Oshruuxos's Jewellery Shoppe.
 40535 | Orc:2    | Reached skill level 6 in Spellcasting
 40839 | Orc:2    | Reached XP level 17. HP: 121/145 MP: 22/26
 40888 | Orc:2    | Bought a scroll of remove curse for 48 gold pieces
 41004 | D:13     | Reached skill level 4 in Charms
 41004 | D:13     | HP: 20/145 [tengu reaver/fireball (84)]
 41097 | D:13     | HP: 46/145 [tengu conjurer (5)]
 41539 | D:13     | HP: 71/145 [ice dragon/blast of cold (14)]
 41544 | D:13     | HP: 59/145 [ice dragon/blast of cold (10)]
 41948 | Orc:2    | Bought an uncursed ring of protection from fire for 400 gold pieces
 42125 | Snake:1  | Entered Level 1 of the Snake Pit
 42125 | Snake:1  | Found a bloodstained altar of Trog.
 42134 | Lair:3   | Reached skill level 4 in Translocations
 42439 | Snake:1  | HP: 63/145 [naga/trident (10)]
 42444 | Snake:1  | HP: 57/145 [shock serpent/bolt of electricity (8)]
 42449 | Snake:1  | HP: 38/145 [shock serpent/bolt of electricity (3)]
 42450 | Snake:1  | HP: 15/145 [shock serpent (10)]
 42451 | Snake:1  | HP: 4/145 [shock serpent (8)]
 42484 | Lair:3   | Upgraded the game from 0.22-a0-570-g58866f5 to 0.22-a0-580-gd5db89c
 42924 | Snake:1  | Noticed Frances
 42934 | Snake:1  | Killed Frances
 43518 | Snake:2  | Noticed Vashnia
 43528 | Snake:2  | Killed Vashnia
 43528 | Snake:2  | Reached skill level 12 in Armour
 43711 | Snake:2  | Noticed Aizul
 43725 | Snake:2  | Killed Aizul
 43725 | Snake:2  | Reached skill level 7 in Spellcasting
 43729 | Snake:2  | HP: 62/146 [naga sharpshooter/bolt[Vashnia] (14)]
 44210 | Snake:2  | Found Vaosaale's Weapon Shop.
 44542 | Snake:3  | Reached skill level 5 in Charms
 44684 | Snake:3  | Noticed Azrael
 44693 | Snake:2  | Reached skill level 5 in Translocations
 45169 | Snake:4  | Entered Level 4 of the Snake Pit
 45221 | Snake:4  | Found a frozen archway.
 45359 | Snake:4  | Reached skill level 8 in Spellcasting
 45881 | Snake:4  | Identified a scroll of acquirement
 45882 | Snake:4  | Identified the cursed amulet of Feuziav {RegenMP rF+} (You acquired it on level 4 of the Snake Pit)
 45893 | Snake:4  | Reached skill level 16 in Maces & Flails
 46317 | Snake:4  | Reached skill level 17 in Fighting
 46722 | Snake:4  | Reached XP level 18. HP: 139/154 MP: 28/30
 46913 | Snake:4  | Got a serpentine rune of Zot
 47312 | Snake:3  | Killed Azrael
 47635 | D:13     | Reached skill level 9 in Spellcasting
 48007 | Vaults:1 | Entered Level 1 of the Vaults
 48059 | Vaults:1 | HP: 53/155 [vault warden/war axe of chopping (41)]
 48069 | Vaults:1 | HP: 34/155 [wolf spider (11)]
 48523 | Vaults:1 | Found a portal to a secret trove of treasure.
 48531 | Vaults:1 | Found a magical portal.
 48540 | WizLab   | Entered The Roulette of Golubria
 48540 | WizLab   | Found a transporter.
 48543 | WizLab   | Found a corrupted altar of Lugonu.
 48625 | WizLab   | Found a transporter.
 48686 | WizLab   | Found a transporter.
 48700 | WizLab   | Found a transporter.
 48701 | WizLab   | Reached skill level 10 in Spellcasting
 48713 | WizLab   | Found a transporter.
 48714 | WizLab   | Found a transporter.
 48756 | WizLab   | Found a transporter.
 48797 | WizLab   | Found a transporter.
 48808 | WizLab   | Found a transporter.
 48821 | WizLab   | Paralysed by accursed screaming for 1 turns
 48824 | WizLab   | HP: 74/155 [large abomination (10)]
 49070 | WizLab   | Found a transporter.
 49091 | WizLab   | Found a transporter.
 49206 | WizLab   | Found a transporter.
 49319 | WizLab   | Found a transporter.
 49319 | WizLab   | Found a transporter.
 49326 | WizLab   | Found a corrupted altar of Lugonu.
 49339 | WizLab   | Found a transporter.
 49353 | WizLab   | Found a transporter.
 49380 | WizLab   | Identified the cursed +0 cloak of Hadjma {rPois rC+ Str+3}
 49381 | WizLab   | Found a transporter.
 49621 | WizLab   | Found a transporter.
 49667 | WizLab   | Found a transporter.
 49667 | WizLab   | Found a transporter.
 49799 | Vaults:1 | Reached skill level 13 in Armour
 50278 | Vaults:1 | HP: 72/156 [deep troll earth mage[an ironheart preserver] (18)]
 50279 | Vaults:1 | HP: 34/156 [deep troll[an ironheart preserver] (7)]
 50290 | Vaults:1 | HP: 19/156 [deep troll[an ironheart preserver] (17)]
 50290 | Vaults:1 | HP: 9/156 [deep troll[an ironheart preserver] (10)]
 51325 | Vaults:1 | Found a radiant altar of Vehumet.
 51325 | Vaults:1 | Noticed a lich
 51329 | Vaults:1 | Found the +3 crown of Dyrovepreva {rElec Int+2 SInv}
 51330 | Vaults:1 | Killed a lich
 51354 | Vaults:1 | Reached skill level 18 in Fighting
 51564 | Vaults:1 | Reached XP level 19. HP: 162/163 MP: 33/33
 51654 | Vaults:2 | Identified the cursed +1 flail "Giamowk" {venom, *Drain rF+ Int+4}
 51667 | Vaults:2 | Reached skill level 17 in Maces & Flails
 51882 | Vaults:2 | Reduced skill Axes to level 8
 52056 | Vaults:2 | Found Loegruets's Gadget Shoppe.
 52175 | Vaults:2 | Found a staircase to the Crypt.
 52302 | Vaults:2 | Reduced skill Axes to level 7
 52323 | Vaults:2 | Reduced skill Axes to level 6
 52665 | Vaults:2 | Found Wuthreurgh's General Store.
 52672 | Vaults:2 | Bought a scroll of remove curse for 48 gold pieces
 52700 | Vaults:2 | Found Naohishuac's Distillery.
 52808 | Vaults:2 | HP: 79/164 [fire dragon/blast of flame (17)]
 52809 | Vaults:2 | HP: 31/164 [ogre mage/bolt of lightning (29)]
 53720 | Vaults:2 | Found Naohishuac's Distillery.
 53848 | Vaults:2 | Learned a level 2 spell: Song of Slaying
 53952 | Vaults:2 | Found a staircase to the Crypt.
 53999 | Vaults:2 | Found Loegruets's Gadget Shoppe.
 54265 | Vaults:2 | Reached skill level 18 in Maces & Flails
 54318 | Vaults:2 | Found Wuthreurgh's General Store.
 54375 | Vaults:3 | Found a flickering gateway to a bazaar.
 54391 | Bazaar   | Entered a bazaar
 54391 | Bazaar   | Found Ruid's Distillery.
 54398 | Bazaar   | Found Qukekk's General Store.
 54406 | Bazaar   | Bought a scroll of teleportation for 36 gold pieces
 54406 | Bazaar   | Found Ylaviy's Antique Armour Shoppe.
 54417 | Bazaar   | Found Jokkup's Jewellery Boutique.
 54429 | Bazaar   | Found Dilewkin's Antique Weapon Emporium.
 54473 | Bazaar   | Bought a transparent plate armour for 728 gold pieces
 54473 | Bazaar   | Identified the +15 plate armour "Bovatib" {rF+ Str+4} (You bought it in a shop in a bazaar)
 54484 | Bazaar   | Bought the ring of Zeyxaxti {rF+ rC+ Stlth+} for 539 gold pieces
 54979 | Vaults:3 | Found Caelefag's Assorted Antiques.
 54987 | Vaults:3 | Bought a twisted golden amulet for 235 gold pieces
 55011 | Vaults:3 | Identified the cursed +0 scale mail of Duty {rElec Int+6} (You found it on level 3 of the Lair of Beasts)
 55011 | Vaults:3 | Identified the +1 robe of Tiziul {Int+2}
 55011 | Vaults:3 | Identified the cursed +0 robe "Adeg Ikloaq" {rN+ Int+4} (You found it on level 1 of the Vaults)
 55011 | Vaults:3 | Identified the +1 robe "Forget-Me-Not" {*Corrode MR++ Str+4 SInv}
 55029 | Vaults:3 | Noticed Frederick
 55038 | Vaults:3 | Killed Frederick
 55038 | Vaults:3 | Reached skill level 14 in Armour
 56186 | Vaults:4 | HP: 82/165 [cyan very ugly thing (2)]
 56233 | Vaults:4 | HP: 70/165 [acid (9)]
 56492 | Vaults:4 | Reached skill level 19 in Fighting
 56498 | Vaults:4 | Reached XP level 20. HP: 121/174 MP: 26/34
 56596 | Vaults:4 | HP: 80/174 [yaktaur[a vault warden] (14)]
 56603 | Vaults:4 | HP: 53/174 [vault warden/long sword (11)]
 56608 | Vaults:4 | HP: 38/174 [yaktaur[a vault warden] (8)]
 56616 | Vaults:4 | HP: 39/174 [sphinx (3)]
 57749 | Elf:1    | Entered Level 1 of the Elven Halls
 57820 | Elf:1    | HP: 87/174 [fire elemental[a deep elf mage] (3)]
 57825 | Elf:1    | HP: 85/174 [fire elemental[a deep elf mage] (1)]
 57835 | Elf:1    | HP: 78/174 [deep elf mage/bolt of cold (1)]
 57840 | Elf:1    | HP: 72/174 [burnt (6)]
 58462 | Elf:1    | Found a radiant altar of Vehumet.
 58652 | Elf:1    | HP: 82/175 [six-headed hydra (9)]
 58962 | Elf:1    | Noticed Nikola
 58980 | Elf:1    | HP: 87/176 [Nikola/chain lightning (23)]
 58981 | Elf:1    | HP: 42/176 [Nikola/rapier of electrocution (8)]
 58982 | Elf:1    | Killed Nikola
 58982 | Elf:1    | Reached skill level 19 in Maces & Flails
 59355 | Elf:1    | Identified Vuecib's Collected Works on Conjuration and Companions
 59634 | Elf:2    | Found a runed gate.
 59634 | Elf:2    | Found a runed gate.
 59634 | Elf:2    | Found a runed gate.
 59963 | Elf:2    | Reduced skill Axes to level 5
 60088 | Elf:2    | Reached skill level 20 in Fighting
 60092 | Elf:2    | Noticed Agnes
 60100 | Elf:2    | Reduced skill Axes to level 4
 60101 | Elf:2    | HP: 85/176 [fire elemental (5)]
 60103 | Elf:2    | HP: 33/176 [deep elf mage/bolt of magma (12)]
 60532 | Elf:2    | HP: 88/176 [bardiche of pain (10)]
 60533 | Elf:2    | Reduced skill Axes to level 3
 60538 | Elf:2    | HP: 54/176 [halberd of chopping (6)]
 60567 | Elf:2    | HP: 54/176 [Agnes/lajatang (10)]
 60575 | Elf:2    | HP: 41/176 [deep elf knight/shard of ice (5)]
 60579 | Elf:2    | Killed Agnes
 60692 | Elf:2    | HP: 70/176 [deep elf knight/scimitar (5)]
 60699 | Elf:2    | HP: 72/176 [trident of venom (2)]
 60783 | Elf:2    | HP: 88/176 [battleaxe of electrocution (2)]
 61360 | Elf:3    | Entered Level 3 of the Elven Halls
 61489 | Elf:3    | Reached skill level 6 in Translocations
 61491 | Elf:3    | Reached XP level 21. HP: 164/183 MP: 35/35
 62212 | Crypt:1  | Entered Level 1 of the Crypt
 62570 | Crypt:1  | HP: 91/184 [iron giant zombie (21)]
 63316 | Crypt:2  | Reached skill level 7 in Translocations
 63642 | Crypt:2  | Reached skill level 20 in Maces & Flails
 63833 | Crypt:2  | Reached skill level 15 in Armour
 64435 | Crypt:2  | HP: 92/185 [skeletal warrior/antimagic halberd[a skeletal warrior] (3)]
 64440 | Crypt:2  | HP: 73/185 [flying skull (4)]
 64445 | Crypt:2  | HP: 74/185 [flying skull (1)]
 64455 | Crypt:2  | Reached skill level 6 in Dodging
 64459 | Crypt:2  | HP: 78/185 [skeletal warrior/halberd[a skeletal warrior] (1)]
 64501 | Crypt:2  | HP: 63/185 [skeletal warrior/short sword of venom[a skeletal warrior] (8)]
 65083 | Crypt:2  | Identified the cursed +2 quarterstaff of Fecoceobb {distort, *Drain +Inv rF++ SInv} (You took it off a skeletal warrior on level 2 of the Crypt)
 65211 | Crypt:3  | Entered Level 3 of the Crypt
 65574 | Crypt:3  | Reached skill level 21 in Fighting
 65582 | Crypt:3  | Reached XP level 22. HP: 163/194 MP: 36/36
 65744 | Crypt:3  | Reached skill level 7 in Dodging
 65763 | Crypt:3  | Found a staircase to the Tomb.
 65765 | Crypt:3  | Identified the ring of the Final Suns {Int+3 Dex+3 SInv}
 65904 | Crypt:3  | Found a basalt altar of Yredelemnul.
 65904 | Crypt:3  | Noticed an ancient lich
 65910 | Crypt:3  | Killed an ancient lich
 65997 | Crypt:3  | Identified the ring "Dorchedgh" {rC+ rN+}
 65997 | Crypt:3  | Found the cursed +13 scythe of Curses {drain, *Curse}
 65998 | Crypt:3  | theanonym: ??scythe of curses
 65998 | Crypt:3  | beem: scythe of curses[1/3]: +13 scythe of draining which curses your equipment and inflicts necromancy miscasts on living targets it hits. Better than most bardiches!
 65998 | Crypt:3  | theanonym: ??scythe of curses[2
 65998 | Crypt:3  | beem: scythe of curses[2/3]: Death has come for the toadstool...
 65998 | Crypt:3  | theanonym: ??scythe of curses[3
 65998 | Crypt:3  | beem: scythe of curses[3/3]: "it hits like a bag of trucks" - ontoclasm
 66003 | Crypt:3  | Identified the ring of Fyssulopp {rC+ rN+ Int+4}
 66003 | Crypt:3  | Identified the ring "Aptur" {rN+ MR+ Int+3}
 66965 | Elf:3    | HP: 93/194 [deep elf high priest/divine providence (14)]
 67249 | Elf:3    | Reached skill level 8 in Dodging
 67265 | Elf:3    | Identified the +1 robe of the Modern Eyes {rPois rF+ Dex+4} (You took it off a deep elf death mage on level 3 of the Elven Halls)
 67370 | Elf:3    | Learned a level 6 spell: Invisibility
 67745 | Elf:3    | HP: 94/194 [deep elf blademaster/rapier (8)]
 67751 | Elf:3    | Identified the +3 leather armour of the Hot Ocelot {rC+ Slay+2} (You took it off a deep elf knight on level 3 of the Elven Halls)
 67751 | Elf:3    | Identified the +7 falchion "Zocennar" {venom, Str+6} (You took it off a deep elf knight on level 3 of the Elven Halls)
 67751 | Elf:3    | HP: 82/194 [deep elf knight/shard of ice (6)]
 67766 | Elf:3    | HP: 89/194 [deep elf archer/arrow (1)]
 67779 | Elf:3    | HP: 73/194 [deep elf archer/uncursed short sword (8)]
 67799 | Elf:3    | HP: 76/194 [ghostly deep elf death mage/short sword (2)]
 68148 | Elf:3    | Identified the +9 arbalest "Husolil" {velocity, Dex+3}
 68185 | Elf:3    | Identified the Catalogue of Attacks
 68384 | Elf:3    | Identified the Reference Book on Changing
 68598 | Depths:1 | Entered Level 1 of the Depths
 68598 | Depths:1 | Noticed Rupert
 68600 | Depths:1 | Noticed Asterion
 68606 | D:15     | Killed Rupert
 68617 | D:15     | Goblin1989: спектральный дарк маул - это сильно
 68619 | D:15     | Killed Asterion
 68698 | Depths:1 | Reached skill level 9 in Dodging
 68778 | Depths:1 | theanonym: Ну обычно не нужно 2 раза бить
 69041 | Depths:1 | Reached XP level 23. HP: 202/202 MP: 37/37
 69075 | Depths:1 | Identified the cursed ring of Fragile Peace {rCorr Str+2} (You acquired it on level 1 of the Depths)
 69132 | Depths:1 | HP: 99/202 [hellion/damnation (31)]
 69132 | Depths:1 | Found a gateway to Hell.
 69518 | Depths:1 | Found a gateway to a ziggurat.
 70529 | Depths:2 | Found Egeboig's Jewellery Shop.
 70537 | Depths:2 | Bought an uncursed amulet of regeneration for 450 gold pieces
 70619 | Depths:2 | Reached skill level 21 in Maces & Flails
 70863 | Depths:2 | Found the +6 arbalest "Damnation" {damnation}
 70869 | Depths:2 | Reached skill level 22 in Fighting
 71012 | Depths:2 | Noticed Margery
 71022 | Depths:2 | Killed Margery
 71022 | Depths:2 | Reached skill level 10 in Dodging
 71135 | Depths:2 | Identified the cursed ring of the Countless Wonders {rPois rF- rC+ Int+4} (You acquired it on level 2 of the Depths)
 71265 | Depths:2 | Found a one-way gate leading to the halls of Pandemonium.
 71383 | Depths:2 | Found a runed door.
 71386 | Depths:2 | Found a runed door.
 71504 | Depths:2 | Noticed a juggernaut
 71510 | Depths:2 | Killed a juggernaut
 71614 | Depths:2 | Identified the cursed +1 whip of World's End {slash, rElec rPois Int+3 Dex+5}
 71619 | Depths:2 | Identified the ring "Acemoiq" {*Tele MR++}
 72017 | Depths:3 | Reached skill level 11 in Dodging
 72026 | Depths:3 | HP: 101/204 [deep troll shaman (8)]
 72032 | Depths:3 | HP: 93/204 [deep troll (5)]
 72039 | Depths:3 | HP: 71/204 [acid[a centaur warrior] (13)]
 72263 | Depths:3 | HP: 93/204 [ettin/dire flail (30)]
 72674 | Depths:3 | Reached XP level 24. HP: 212/212 MP: 37/37
 72858 | Depths:3 | Reached skill level 5 in Hexes
 73135 | Depths:3 | Noticed a juggernaut
 73138 | Depths:3 | Noticed a juggernaut
 73143 | Depths:3 | Killed a juggernaut
 73147 | Depths:3 | Killed a juggernaut
 73166 | Depths:3 | Identified the +8 halberd of Evisceration {pain, +Inv Str+7} (You took it off an ogre mage on level 3 of the Depths)
 73317 | Depths:3 | Reached skill level 6 in Hexes
 73354 | Depths:3 | Noticed a juggernaut
 73361 | Depths:3 | Killed a juggernaut
 73362 | Depths:3 | HP: 102/213 [titan (15)]
 74460 | Depths:4 | Noticed Jory
 74473 | Depths:4 | Killed Jory
 74473 | Depths:4 | Reached skill level 23 in Fighting
 74473 | Depths:4 | Reached skill level 7 in Hexes
 74474 | Depths:4 | Identified the cursed +3 scimitar of Mionofoi {drain, rF- Str+5 Int+3 Stlth+} (You took it off a deep elf high priest on level 4 of the Depths)
 74493 | Depths:4 | Reached skill level 12 in Dodging
 74760 | Depths:4 | Found a one-way gate to the infinite horrors of the Abyss.
 75550 | Depths:5 | Entered Level 5 of the Depths
 75554 | Depths:5 | Reached skill level 11 in Spellcasting
 75708 | Depths:5 | Reached skill level 22 in Maces & Flails
 75711 | Depths:5 | Reached skill level 8 in Hexes
 75823 | Depths:5 | Reached XP level 25. HP: 167/221 MP: 38/38
 76219 | Depths:5 | Found a runed door.
 76276 | Depths:5 | Reached skill level 9 in Hexes
 76294 | Depths:4 | Identified the +5 quarterstaff "Jeqatu" {freeze, Str+5}
 76521 | Depths:5 | Found a gate to the Realm of Zot.
 76751 | Depths:5 | Reached skill level 12 in Spellcasting
 76873 | Depths:4 | Voluntarily entered the Abyss.
 77155 | Abyss:2  | Found a blossoming altar of Fedhas.
 77165 | Abyss:2  | Found a corrupted altar of Lugonu.
 77211 | Abyss:3  | theanonym: О хоть где-то толк от ашензари есть, в бездне разведка помогает
 77403 | Abyss:4  | Found a corrupted altar of Lugonu.
 77432 | Abyss:4  | Found a shimmering altar of Xom.
 77433 | Abyss:4  | Found a shimmering altar of Xom.
 77433 | Abyss:4  | Found a shimmering altar of Xom.
 77433 | Abyss:4  | Found a shimmering altar of Xom.
 77434 | Abyss:4  | Found a shimmering altar of Xom.
 77480 | Abyss:4  | Found a corrupted altar of Lugonu.
 77548 | Abyss:4  | Reached skill level 10 in Hexes
 77617 | Abyss:4  | HP: 105/221 [chaos spawn (14)]
 77717 | Abyss:4  | Reached skill level 13 in Dodging
 77721 | Abyss:5  | Entered Level 5 of the Abyss
 77754 | Abyss:5  | Got an abyssal rune of Zot
 77799 | Abyss:5  | Paralysed by you for 6 turns
 77825 | Abyss:5  | Found a corrupted altar of Lugonu.
 77837 | Depths:4 | Escaped the Abyss
 78174 | Vaults:3 | Bought a runed scarf for 376 gold pieces
 78174 | Vaults:3 | Bought a scroll of teleportation for 141 gold pieces
 78174 | Vaults:3 | Bought a scroll of fear for 164 gold pieces
 78505 | D:5      | Bought a scroll of immolation for 38 gold pieces
 78505 | D:5      | Bought a scroll of silence for 82 gold pieces
 78505 | D:5      | Bought a scroll of enchant armour for 82 gold pieces
 78862 | Vaults:5 | Entered Level 5 of the Vaults
 78990 | Vaults:5 | HP: 99/221 [titan/the air (26)]
 78991 | Vaults:5 | HP: 30/221 [vault warden/great sword of protection (24)]
 78997 | Vaults:5 | HP: 31/221 [tengu reaver/fireball (5)]
 79005 | Vaults:5 | HP: 17/221 [ettin/dire flail (22)]
 79007 | Vaults:5 | Slain by an ettin

Vanquished Creatures
  An ancient lich (Crypt:3)
  4 juggernauts
  Saint Roka (Orc:1)
  Margery (Depths:2)
  Bai Suzhen (Swamp:3)
  Vashnia (Snake:2)
  Frederick (Vaults:3)
  A caustic shrike (Depths:4)
  Jory (Depths:4)
  Nikola (Elf:1)
  2 golden dragons
  3 bone dragons
  4 liches
  Rupert (D:15)
  2 tentacled monstrosities
  Asterion (D:15)
  A quicksilver dragon (Depths:4)
  5 titans
  3 deep elf master archers (Elf:3)
  2 deep elf blademasters
  A sphinx (shapeshifter) (D:13)
  8 sphinxes
  Agnes (Elf:2)
  7 tentacled starspawn
  An ancient champion (Crypt:1)
  Frances (Snake:1)
  2 thorn hunters (Swamp:3)
  A draconian monk (Depths:5)
  5 shadow dragons
  7 tengu reavers
  2 revenants
  3 iron dragons
  5 fire giants
  7 nagarajas
  7 vault wardens
  12 frost giants
  A draconian knight (Depths:5)
  6 deep elf sorcerers
  The ghost of Orghapte the Lord of Darkness, a journeyman NaWz of Kikubaaqudgha (Orc:1)
  Louise (Swamp:3)
  Aizul (Snake:2)
  A cacodemon (Abyss:4)
  An orc warlord (Orc:2)
  8 deep elf elementalists
  A draconian stormcaller (Depths:5)
  A spriggan defender (Depths:2)
  6 ghouls
  4 war gargoyles (Crypt:3)
  4 ironheart preservers
  26 very ugly things
  The ghost of Turgon the Martial Artist, a journeyman DsTm of Okawaru (Swamp:4)
  16 stone giants
  3 entropy weavers
  A deep elf demonologist (Elf:3)
  The ghost of Xeddua the Severer, a journeyman MiBe of Trog (Lair:5)
  10 deep elf annihilators
  A dire elephant (Lair:5)
  A white draconian (Depths:5)
  9 spark wasps
  10 vampire knights
  2 purple draconians
  A black draconian (Depths:5)
  Azrael (Snake:3)
  Snorg (D:14)
  11 deep elf death magi
  2 red draconians (Depths:5)
  14 ettins
  3 crystal guardians (Crypt:3)
  4 eidola
  A quicksilver dragon zombie (Crypt:3)
  17 fire dragons
  2 blizzard demons (Abyss:5)
  3 merfolk impalers
  10 yaktaur captains
  8 jiangshi
  8 great orbs of eyes
  6 deep elf high priests
  9 rakshasas
  19 ice dragons
  4 spriggan air magi
  8 vault guards (Vaults:4)
  28 hydras
  9 anacondas
  2 ghost crabs (Swamp:3)
  3 alligators
  4 death knights
  3 naga warriors
  11 centaur warriors
  35 two-headed ogres
  30 dancing weapons
  2 satyrs (shapeshifter)
  12 ogre magi
  9 tengu warriors
  10 deep troll shamans
  6 death yaks
  8 vampire magi
  11 deep troll earth magi
  An orc high priest (Orc:2)
  2 sun demons (WizLab)
  5 spriggan berserkers
  3 thrashing horrors (Abyss:4)
  10 naga sharpshooters
  Sonja (Lair:4)
  Urug (Lair:3)
  22 deep elf knights
  A soul eater (Crypt:2)
  A shock serpent (Snake:1)
  5 titan skeletons (Crypt:2)
  3 shadow wraiths
  6 wretched stars
  2 sixfirhies (Abyss:4)
  An iron giant zombie (Crypt:1)
  2 storm dragon skeletons (Crypt:2)
  39 skeletal warriors
  5 iron trolls (Depths:2)
  19 hell knights
  2 spatial maelstroms (Abyss:4)
  A glowing orange brain (Depths:1)
  10 swamp dragons
  2 deep trolls (shapeshifter)
  4 flayed ghosts
  4 naga ritualists
  2 spriggan druids
  27 deep trolls
  2 unseen horrors
  An obsidian statue (WizLab)
  14 deep elf archers
  A golden dragon skeleton (Crypt:2)
  8 wizards
  11 ironbrand convokers
  2 anaconda skeletons (Crypt:2)
  2 wolf spider zombies
  3 shambling mangroves
  12 phantasmal warriors
  9 harpies
  57 deep elf magi
  11 necromancers
  8 orc sorcerers
  11 orc knights
  A fire giant zombie (Crypt:1)
  8 salamanders
  A stone giant zombie (Crypt:2)
  6 cyclopes
  18 ugly things
  9 mana vipers
  7 wolf spiders
  2 frost giant zombies (Crypt:1)
  5 worldbinders
  7 manticores
  3 iron dragon skeletons
  2 apocalypse crabs
  14 elephants
  2 guardian serpents (shapeshifter)
  4 centaur zombies
  27 black mambas
  3 gargoyles
  A torpor snail (Lair:5)
  A dire elephant zombie (Crypt:2)
  2 black mambas (shapeshifter)
  3 frost giant skeletons (Crypt:2)
  17 naga magi
  4 fire giant skeletons
  An orange demon (WizLab)
  A spiny frog (shapeshifter) (Vaults:4)
  A molten gargoyle (Depths:1)
  3 stone giant skeletons (Crypt:2)
  6 smoke demons
  A spriggan skeleton (WizLab)
  12 vault sentinels
  A hellion (Depths:1)
  31 spiny frogs
  A minotaur zombie (Crypt:1)
  5 rime drakes
  A black draconian zombie (Crypt:2)
  A dire elephant skeleton (Crypt:3)
  8 freezing wraiths
  40 yaktaurs
  2 demonic crawlers (WizLab)
  A komodo dragon (shapeshifter) (Depths:3)
  8 komodo dragons
  A kobold demonologist (D:11)
  An iron troll zombie (Crypt:1)
  A black draconian skeleton (Crypt:2)
  An efreet (D:13)
  A pale draconian skeleton (Crypt:1)
  3 hellwings
  An ice devil (WizLab)
  7 tengu conjurers
  A jumping spider (shapeshifter) (Vaults:2)
  A catoblepas skeleton (Crypt:2)
  10 trolls
  14 tyrant leeches
  A polar bear (Lair:5)
  A queen bee (Lair:1)
  A troll (shapeshifter) (Vaults:3)
  A meliai (shapeshifter) (Vaults:3)
  20 hornets
  A hornet (shapeshifter) (Vaults:2)
  An ettin zombie (Crypt:1)
  A fire dragon zombie (Crypt:3)
  30 slime creatures
  10 raiju
  22 blink frogs
  4 bog bodies
  An ice dragon zombie (Crypt:3)
  A tarantella zombie (Crypt:1)
  A harpy skeleton (Crypt:2)
  A fire giant simulacrum (Crypt:2)
  8 hippogriffs
  A hydra skeleton (Crypt:2)
  A dream sheep (shapeshifter) (Vaults:1)
  A tarantella (Vaults:4)
  3 redbacks (Vaults:4)
  2 ettin skeletons (Crypt:3)
  46 flying skulls
  A centaur simulacrum (D:14)
  14 starcursed masses
  2 ice dragon skeletons
  An air elemental (Elf:2)
  3 wraiths
  16 large abominations
  3 ynoxinuls
  8 spriggans
  4 wyverns
  A dire elephant simulacrum (Crypt:2)
  A hog (shapeshifter) (Vaults:1)
  37 yaks
  2 fire dragon skeletons
  5 shadows
  3 water elementals
  4 basilisks
  8 fire elementals
  18 humans
  2 steam dragons
  A chaos spawn (Abyss:4)
  A human simulacrum (Vaults:4)
  A hungry ghost (D:14)
  4 neqoxecs
  20 vampire mosquitoes
  4 wargs
  24 insubstantial wisps
  4 spatial vortices (WizLab)
  14 swamp worms
  4 acid dragons
  45 nagas
  11 hell hounds
  A human skeleton (WizLab)
  10 water moccasins
  9 porcupines
  A floating eye (Depths:2)
  A sky beast (D:9)
  10 swamp drakes
  39 orc warriors
  A faun skeleton (Crypt:1)
  5 ice beasts
  A black bear (shapeshifter) (Abyss:4)
  A snapping turtle zombie (Crypt:2)
  A swamp dragon zombie (Crypt:1)
  4 necrophages
  2 phantoms
  13 wolves (Lair:3)
  13 centaurs
  An ice dragon simulacrum (Vaults:1)
  20 ogres
  A boggart (WizLab)
  2 ettin simulacra
  4 snapping turtle skeletons
  A manticore skeleton (Crypt:1)
  9 crocodiles
  3 big kobolds
  A cyclops zombie (Crypt:1)
  A deep troll simulacrum (Vaults:3)
  24 bullfrogs
  10 small abominations
  An earth elemental (WizLab)
  6 jellies
  A cyclops skeleton (Crypt:2)
  4 scorpions
  22 killer bees
  A troll skeleton (Crypt:3)
  A raiju skeleton (WizLab)
  10 wights
  An electric eel (Lair:6)
  5 howler monkeys
  A bullfrog zombie (D:9)
  7 crimson imps
  4 centaur skeletons
  6 hounds
  A wyvern simulacrum (D:14)
  2 quasits
  A bullfrog skeleton (D:10)
  A gnoll shaman (D:8)
  20 orc priests
  Crazy Yiuf (D:3)
  18 orc wizards
  An iron imp (Abyss:2)
  9 iguanas
  3 spectral orcs (Orc:1)
  7 worker ants
  A troll simulacrum (Orc:1)
  A deep dwarf zombie (Crypt:1)
  A tengu zombie (Crypt:3)
  A big kobold skeleton (Crypt:2)
  A naga skeleton (Crypt:2)
  An acid dragon skeleton (Crypt:2)
  A hound zombie (D:11)
  2 hound skeletons
  8 mummies (Ossuary)
  A worker ant zombie (D:9)
  2 ogre simulacra (Orc:1)
  16 adders
  5 gnolls
  6 shadow imps
  5 oozes
  An orc simulacrum (Orc:1)
  2 adder zombies
  3 adder skeletons
  5 worms
  A dart slug (D:5)
  5 leopard geckos
  129 orcs
  4 giant cockroaches
  8 goblins
  10 hobgoblins
  8 jackals
  6 quokkas
  2 ball pythons
  A ball python skeleton (Crypt:2)
  8 bats
  9 frilled lizards
  2 gnoll zombies (Ossuary)
  2 hobgoblin zombies (Ossuary)
  A jackal zombie (D:7)
  24 kobolds
  A leopard gecko zombie (D:5)
  3 orc zombies (Ossuary)
  A quokka skeleton (D:7)
  A quokka zombie (Crypt:1)
  10 rats
  A briar patch (Swamp:3)
  4 crawling corpses (Elf:3)
  2 fungi (D:3)
  A lurking horror (WizLab)
  2 starspawn tentacles
2242 creatures vanquished.

Vanquished Creatures (collateral kills)
  2 two-headed ogres
  An orc high priest (Orc:2)
  A shock serpent (Snake:1)
  An ironbrand convoker (Vaults:4)
  A black mamba (Snake:1)
  A yaktaur (Vaults:4)
  3 nagas (Snake:1)
  3 killer bees (Lair:1)
13 creatures vanquished.

Vanquished Creatures (others)
  An eldritch tentacle (WizLab)
  A fire dragon (Elf:1)
  A two-headed ogre (Volcano)
  A deep elf knight (Elf:3)
  3 deep elf magi
  A cyclops (D:7)
  A black mamba (Lair:5)
  A spiny frog (Lair:6)
  A hornet (Swamp:4)
  A water elemental (Depths:5)
  A swamp drake (Swamp:3)
  A sky beast (D:6)
  A centaur (Depths:3)
  A starcursed mass (WizLab)
  An orc (Orc:1)
  An orc zombie (Ossuary)
  8 briar patches
  16 fungi
  A lurking horror (Abyss:4)
  24 plants
  14 spectral weapons
  9 starspawn tentacles
90 creatures vanquished.

Grand Total: 2345 creatures vanquished

Table legend:
 A = Turns spent in this place as a percentage of turns spent in the entire game.
 B = Non-inter-level travel turns spent in this place as a percentage of non-inter-level travel turns spent in the entire game.
 C = Inter-level travel turns spent in this place as a percentage of turns spent in this place.
 D = Turns resting spent in this place as a percentage of non-inter-level travel turns spent in this place.
 E = Turns spent auto-exploring this place as a percentage of non-inter-level travel turns spent in this place.
 F = Non-inter-level travel turns spent in this place divided by the number of levels of this place that you've seen.
                   A       B       C       D       E      F
               +-------+-------+-------+-------+-------+----------------------
         Total | 100.0 | 100.0 |   8.9 |  40.9 |  42.5 | 1263.2
       Dungeon |  29.7 |  29.0 |  11.0 |  38.7 |  46.9 | 1393.1
        Temple |   0.2 |   0.2 |  13.6 |   0.0 |  95.6 | 114.0
          Lair |  13.0 |  12.9 |   9.4 |  51.7 |  36.4 | 1553.0
         Swamp |   8.0 |   8.0 |   8.7 |  50.7 |  36.9 | 1434.5
     Snake Pit |   6.0 |   6.3 |   4.9 |  28.5 |  52.7 | 1132.8
  Orcish Mines |   4.8 |   4.6 |  12.5 |  57.8 |  24.6 | 1658.5
   Elven Halls |   7.0 |   7.1 |   7.0 |  49.1 |  30.9 | 1711.0
        Vaults |  11.1 |  10.9 |  10.8 |  40.7 |  43.6 | 1567.0
         Crypt |   5.6 |   5.8 |   5.7 |  35.2 |  40.3 | 1391.7
        Depths |  10.6 |  10.8 |   7.0 |  28.0 |  54.5 | 1558.0
         Abyss |   1.2 |   1.3 |   0.0 |   6.3 |  44.6 | 192.8
        Bazaar |   0.1 |   0.1 |   0.0 |   0.0 |  53.3 | 107.0
       Ossuary |   0.3 |   0.3 |   0.0 |  34.5 |  39.6 | 235.0
       Volcano |   0.8 |   0.9 |   0.0 |  71.3 |   3.7 | 642.0
        Wizlab |   1.5 |   1.7 |   0.0 |  36.6 |  36.0 | 1207.0
               +-------+-------+-------+-------+-------+----------------------
